 Dungeon Crawl Stone Soup version 0.23.0 (webtiles) character file.

Game seed: 14913962552105341495

357208 Kisielow the Shatterer (level 21, -34/200 HPs)
             Began as a Minotaur Fighter on Feb 7, 2019.
             Was the Champion of Okawaru.
             Annihilated by a white very ugly thing (51 damage)
             ... on level 4 of the Vaults on Feb 17, 2019.
             The game lasted 02:30:59 (48106 turns).

Kisielow the Shatterer (Minotaur Fighter)          Turns: 48106, Time: 02:31:00

Health: -34/200    AC: 43    Str: 29    XL:     21   Next: 41%
Magic:  0/25       EV:  6    Int:  9    God:    Okawaru [******]
Gold:   2308       SH: 24    Dex: 12    Spells: 20/20 levels left

rFire    + . .     SeeInvis +   t - +6 demon whip (venom)
rCold    . . .     Gourm    .   n - +0 large shield of Satisfaction {MR+}
rNeg     + . .     Faith    .   O - +8 crystal plate armour "Cecic" {rPois rCorr}
rPois    +         Spirit   +   c - +2 hat
rElec    +         Reflect  .   e - scarf {repulsion}
rCorr    +         Harm     .   g - +0 pair of gloves of the Big Bang {rElec}
MR       +++..                  Q - +1 pair of boots {Fly}
Stlth    ..........             D - amulet of Tucoqia {Spirit rF+ rN+ Int+4 Slay+2 SInv}
HPRegen  0.43/turn              p - ring of protection from magic
MPRegen  0.19/turn              R - +2 ring of protection

@: flying, repel missiles
A: retaliatory headbutt, horns 2
}: 2/15 runes: decaying, serpentine
a: Heroism, Finesse, Renounce Religion, Stop Flying


You were on level 4 of the Vaults.
You worshipped Okawaru.
Okawaru was exalted by your worship.
You were hungry.

You visited 7 branches of the dungeon, and saw 37 of its levels.
You also visited: Sewer, Ossuary, Ice Cave and Desolation.

You collected 3688 gold pieces.
You spent 1380 gold pieces at shops.

Inventory:

Hand Weapons
 t - a +6 demon whip of venom (weapon)
 F - a +2 morningstar of pain
 I - the +5 great mace "Jiuron Hogy" {flame, rF+ MP+9 Dex+3}
   (Okawaru gifted it to you on level 1 of the Vaults)

   It has been specially enchanted to burn those struck by it, causing extra
   injury to most foes and up to half again as much damage against particularly
   susceptible opponents.
   It affects your dexterity (+3).
   It protects you from fire.
   It affects your magic capacity (+9).
Armour
 c - a +2 hat (worn)
 e - a scarf of repulsion (worn)
 g - the +0 pair of gloves of the Big Bang (worn) {rElec}
   (Okawaru gifted it to you on level 15 of the Dungeon)

   It insulates you from electricity.
 n - the +0 large shield of Satisfaction (worn) {MR+}
   (Okawaru gifted it to you on level 3 of the Snake Pit)

   It affects your resistance to hostile enchantments.
 O - the +8 crystal plate armour "Cecic" (worn) {rPois rCorr}
   (Okawaru gifted it to you on level 4 of the Lair of Beasts)

   It protects you from poison.
   It provides partial protection from all sources of acid and corrosion.
 Q - a +1 pair of boots of flying (worn)
Jewellery
 p - a ring of protection from magic (left hand)
 s - an uncursed ring of protection from fire
 w - an uncursed ring of positive energy
 B - a +4 amulet of reflection
 D - the amulet of Tucoqia (around neck) {Spirit rF+ rN+ Int+4 Slay+2 SInv}
   (You bought it in a shop on level 3 of the Snake Pit)

   [amulet of guardian spirit]

   It causes incoming damage to be split between your health and magic.
   It affects your intelligence (+4).
   It affects your accuracy and damage with ranged weapons and melee attacks
   (+2).
   It protects you from fire.
   It protects you from negative energy.
   It lets you see invisible.
 R - a +2 ring of protection (right hand)
 S - an uncursed ring of protection from cold
 T - the ring "Gienum" {rElec rPois rN+ Str-3 Int+6}
   (You found it in an ice cave)

   [ring of positive energy]

   It affects your strength (-3).
   It affects your intelligence (+6).
   It insulates you from electricity.
   It protects you from poison.
   It protects you from negative energy.
Wands
 q - a wand of clouds (5)
 r - a wand of disintegration (28)
 u - a wand of flame (18)
 y - a wand of iceblast (25)
 E - a wand of scattershot (3)
 H - a wand of enslavement (16)
 J - a wand of polymorph (23)
 K - a wand of random effects (11)
 L - a wand of paralysis (58)
 M - a wand of acid (30)
 N - a wand of digging (21)
Scrolls
 b - 5 scrolls of fog
 h - 17 scrolls of remove curse
 j - 5 scrolls of teleportation
 k - 2 scrolls of enchant armour
 o - 2 scrolls of identify
 A - 3 scrolls of blinking
 G - 5 scrolls of fear
 Z - a scroll of enchant weapon
Potions
 a - a potion of ambrosia
 d - 3 potions of might
 i - 7 potions of curing
 m - a potion of haste
 x - 6 potions of agility
 z - a potion of heal wounds
 C - 3 potions of invisibility
 P - 2 potions of brilliance
 U - a potion of resistance
 W - 2 potions of cancellation
Comestibles
 f - 34 rations
 l - 51 chunks of flesh


   Skills:
 + Level 19.9 Fighting
 * Level 25.3 Maces & Flails
 + Level 19.9 Armour
 + Level 19.9 Shields
 - Level 7.0 Invocations
 - Level 7.0 Evocations


You had 20 spell levels left.
You didn't know any spells.
Your spell library contained the following spells:

 Spells                   Type           Power        Failure   Level  Hunger
 Animate Skeleton         Necr           N/A          100%        1    ##.....
 Apportation              Tloc           #.....       100%        1    ##.....
 Beastly Appendage        Tmut           #.....       100%        1    ##.....
 Confusing Touch          Hex            #.....       100%        1    ##.....
 Corona                   Hex            #......      100%        1    ##.....
 Flame Tongue             Conj/Fire      #....        100%        1    ##.....
 Freeze                   Ice            #...         100%        1    ##.....
 Infusion                 Chrm           #...         100%        1    ##.....
 Magic Dart               Conj           #...         100%        1    ##.....
 Sandblast                Erth           #.....       100%        1    ##.....
 Summon Small Mammal      Summ           #...         100%        1    ##.....
 Blink                    Tloc           N/A          100%        2    ###....
 Call Imp                 Summ           #.......     100%        2    ###....
 Ensorcelled Hibernation  Hex/Ice        #.....       100%        2    ###....
 Passwall                 Tmut/Erth      #.......     100%        2    ###....
 Searing Ray              Conj           #.....       100%        2    ###....
 Shroud of Golubria       Chrm/Tloc      #.........   100%        2    ###....
 Slow                     Hex            #.......     100%        2    ###....
 Song of Slaying          Chrm           #.......     100%        2    ###....
 Throw Flame              Conj/Fire      #.....       100%        2    ###....
 Confuse                  Hex            #.......     100%        3    ####...
 Conjure Flame            Conj/Fire      #.......     100%        3    ####...
 Dazzling Spray           Conj/Hex       #.....       100%        3    ####...
 Inner Flame              Hex/Fire       #.......     100%        3    ####...
 Mephitic Cloud           Conj/Pois/Air  #.......     100%        3    ####...
 Regeneration             Chrm/Necr      #.........   100%        3    ####...
 Spectral Weapon          Hex/Chrm       #.......     100%        3    ####...
 Spider Form              Tmut/Pois      #.........   100%        3    ####...
 Stone Arrow              Conj/Erth      #.....       100%        3    ####...
 Tukima's Dance           Hex            #.......     100%        3    ####...
 Force Lance              Conj/Tloc      #.......     100%        4    #####..
 Fulminant Prism          Conj/Hex       #.........   100%        4    #####..
 Ice Form                 Ice/Tmut       #.......     100%        4    #####..
 Iskenderun's Mystic Bla  Conj           #.......     100%        4    #####..
 Petrify                  Tmut/Erth      #.......     100%        4    #####..
 Sticky Flame             Conj/Fire      #.......     100%        4    #####..
 Summon Ice Beast         Ice/Summ       #.......     100%        4    #####..
 Throw Icicle             Conj/Ice       #.......     100%        4    #####..
 Alistair's Intoxication  Tmut/Pois      #.......     100%        5    ######.
 Fireball                 Conj/Fire      #.........   100%        5    ######.
 Lee's Rapid Deconstruct  Erth           #.........   100%        5    ######.
 Lightning Bolt           Conj/Air       #.........   100%        5    ######.
 Metabolic Englaciation   Hex/Ice        #.........   100%        5    ######.
 Venom Bolt               Conj/Pois      #.........   100%        5    ######.
 Freezing Cloud           Conj/Ice/Air   #.........   100%        6    #######
 Statue Form              Tmut/Erth      #........    100%        6    #######
 Malign Gateway           Summ/Tloc      #.........   100%        7    #######
 Monstrous Menagerie      Summ           #.........   100%        7    #######
 Summon Greater Demon     Summ           #.........   100%        7    #######
 Summon Horrible Things   Summ           #.........   100%        8    #######


Dungeon Overview and Level Annotations

Branches:
Dungeon (15/15)            Temple (1/1) D:6            Lair (6/6) D:11
  Swamp (4/4) Lair:3        Snake (4/4) Lair:2        Slime (0/5) Lair:6
    Orc (2/2) D:12            Elf (0/3) Orc:2        Vaults (5/5) D:14
  Crypt (0/3) Vaults:2     Depths (0/5) D:15

Altars:
Ashenzari
Cheibriados
Dithmenos
Elyvilon
Fedhas
Gozag
Hepliaklqana
Kikubaaqudgha
Makhleb
Nemelex Xobeh
Okawaru
Qazlal
Ru
Sif Muna
Trog
Uskayaw
Vehumet
Wu Jian
Xom
Yredelemnul
Zin
The Shining One
Beogh
Jiyva

Shops:
D:6 *   D:12 !   D:15 (   Orc:2 ![?:   Snake:3 *=%**   Snake:4 :   Vaults:1 }

Portals:
Pandemonium: Orc:2

Annotations:
Lair:6 1 runed translucent door


Innate Abilities, Weirdness & Mutations

You reflexively headbutt those who attack you in melee.
You have a pair of horns on your head.


Message History

Your crystal plate armour "Cecic" prevents you from hitting the white very ugly thing.
Your headbutt misses the white very ugly thing.
The white very ugly thing is severely wounded.
You block the tengu reaver's attack.
The tengu reaver pecks you but does no damage.
The tengu reaver claws you but does no damage.
The white very ugly thing trunk-slaps you!
* * * LOW HITPOINT WARNING * * *
The white very ugly thing freezes you!!
* * * LOW HITPOINT WARNING * * *
Your crystal plate armour "Cecic" prevents you from hitting the white very ugly thing.
The white very ugly thing is severely wounded.
You hit the white very ugly thing.
The white very ugly thing looks as sick as possible!
You headbutt the white very ugly thing.
The white very ugly thing is almost dead.
The white very ugly thing trunk-slaps you!
* * * LOW HITPOINT WARNING * * *
The white very ugly thing freezes you!!!
You die...

.......##...........#
#########...........#
....................#
....................#
##############'######
##########...*..#
#........#......#
#........#...Q[u#
#........'...)@)#
#........#...[[[#
#........#......#
#........###'#+#########
#........# #...##.##...#
#........# #...##.##...#
#........#
#..†........########
##########
###.......###......#
###.......###......#


You could see a white very ugly thing, a tengu reaver and a battlesphere.

Vanquished Creatures
  An ancient lich (Vaults:5)
  Sojobo (Vaults:3)
  A bone dragon (Swamp:4)
  Nikola (Snake:3)
  3 tentacled monstrosities
  Rupert (D:15)
  Asterion (Vaults:3)
  An ancient champion (Vaults:3)
  Frances (Snake:1)
  Agnes (Vaults:3)
  A shadow dragon (Vaults:4)
  Kirke (D:12)
  2 thorn hunters
  Roxanne (Snake:1)
  A storm dragon (Vaults:1)
  11 nagarajas
  2 frost giants
  A fire giant (Vaults:5)
  2 imperial myrmidons (Desolation)
  An orc warlord (Orc:2)
  16 vault wardens
  A deep elf sorcerer (Vaults:3)
  A ghoul (Vaults:2)
  A draconian knight (Vaults:3)
  A juggernaut zombie (D:15)
  10 ironheart preservers
  A very ugly thing (Vaults:1)
  A spriggan defender (Vaults:3)
  2 entropy weavers
  6 stone giants
  A dire elephant (Lair:6)
  Azrael (D:15)
  2 vampire knights (Vaults:2)
  A halazid warlock (Desolation)
  An ettin (Vaults:1)
  A deep elf death mage (Vaults:3)
  Josephine (Orc:2)
  3 crystal guardians (Desolation)
  15 yaktaur captains
  8 ogre magi
  A fire dragon (Vaults:4)
  2 great orbs of eyes
  4 ragged hierophants (Desolation)
  Erolcha (D:10)
  6 ice dragons
  14 naga warriors
  8 hydras
  A rakshasa (D:14)
  A hydra (shapeshifter) (Vaults:1)
  A ghost crab (Swamp:4)
  A catoblepas (Lair:6)
  2 peacekeepers (Desolation)
  26 vault guards
  7 servants of whispers
  11 centaur warriors
  A shambling mangrove (Swamp:3)
  20 anacondas
  3 death knights
  4 deep troll shamans
  8 alligators
  26 two-headed ogres
  10 naga sharpshooters
  5 death yaks (Lair:6)
  Urug (D:14)
  5 orc high priests (Orc:2)
  6 shock serpents
  Sonja (Lair:3)
  2 deep elf knights (Vaults:4)
  A sixfirhy (Orc:2)
  A sun demon (Orc:2)
  A shadow wraith (Vaults:4)
  4 skeletal warriors
  4 salamander mystics
  3 flayed ghosts
  A gelid demonspawn (Orc:2)
  6 deep trolls
  2 obsidian statues (D:13)
  A spriggan druid (Swamp:4)
  An unseen horror (D:15)
  A sea snake (Snake:4)
  3 glowing orange brains
  A wizard (Vaults:1)
  2 deep elf archers
  15 ironbrand convokers
  A lindwurm (shapeshifter) (Vaults:1)
  8 harpies
  11 naga ritualists
  4 swamp dragons
  2 necromancers
  3 phantasmal warriors
  17 mana vipers
  A harpy (shapeshifter) (D:15)
  10 orc sorcerers
  18 orc knights
  6 deep elf magi
  A wolf spider (Vaults:3)
  10 salamanders
  22 ugly things
  3 elephants (Lair:6)
  3 cyclopes
  A black mamba (shapeshifter) (Vaults:1)
  9 guardian serpents
  2 moths of wrath (shapeshifter)
  3 centaur zombies
  A rust devil (Orc:2)
  3 ice statues
  9 vault sentinels
  44 black mambas
  A water nymph (shapeshifter) (Vaults:3)
  A molten gargoyle (Desolation)
  A spiny frog (shapeshifter) (Vaults:2)
  15 naga magi
  Psyche (D:8)
  4 rime drakes
  12 spiny frogs
  An efreet (D:15)
  31 yaktaurs
  9 komodo dragons
  A komodo dragon (shapeshifter) (D:15)
  2 tengu conjurers (D:15)
  5 freezing wraiths
  6 swamp worm zombies (Swamp:4)
  7 ice devils
  A spriggan skeleton (D:15)
  A yaktaur skeleton (Vaults:1)
  7 trolls
  3 hydra zombies (Swamp:4)
  2 red devils (Orc:2)
  7 tyrant leeches
  A human skeleton (Vaults:1)
  2 spectral swamp dragons (Swamp:4)
  4 polar bears
  25 saltlings
  14 hornets
  7 blink frogs
  4 alligator zombies (Swamp:4)
  4 bog bodies
  11 hippogriffs
  A stone giant simulacrum (Vaults:3)
  A hippogriff (shapeshifter) (D:15)
  11 slime creatures
  4 dream sheep (Lair:5)
  3 shadows
  A redback (Vaults:4)
  16 humans
  A fire dragon skeleton (D:15)
  A spriggan (shapeshifter) (D:15)
  3 wyverns
  5 hogs (D:12)
  14 wraiths
  A fire bat (shapeshifter) (D:13)
  4 hungry ghosts
  3 fire elementals (D:15)
  52 yaks
  2 basilisks
  A chaos spawn (Orc:2)
  A yaktaur simulacrum (Vaults:1)
  32 vampire mosquitoes
  6 wargs
  17 swamp worms
  65 nagas
  12 insubstantial wisps
  A soldier ant (D:15)
  17 water moccasins
  Edmund (D:5)
  2 acid dragons
  12 porcupines
  4 black bears
  4 sky beasts
  A hell hound (D:15)
  6 phantoms
  22 ice beasts
  51 orc warriors
  8 swamp drakes
  3 swamp dragon zombies (Swamp:4)
  27 ogres
  A boggart (Vaults:3)
  An eye of draining (D:8)
  24 wolves
  24 centaurs
  3 big kobolds
  15 crocodiles
  13 bullfrogs
  4 elf zombies
  A water moccasin zombie (D:5)
  6 scorpions
  2 human simulacra (Vaults:3)
  4 wights
  2 howler monkeys
  5 crimson imps
  3 bullfrog zombies
  A gnoll shaman (D:8)
  2 human zombies (Ossuary)
  6 hounds
  2 jellies
  21 orc wizards
  5 bullfrog skeletons
  25 orc priests
  Jessica (D:3)
  5 centaur skeletons
  6 iguanas
  3 spectral swamp drakes (Swamp:4)
  9 worker ants
  A killer bee zombie (D:8)
  A big kobold zombie (Ossuary)
  2 hound skeletons
  3 mummies (Ossuary)
  A worker ant zombie (D:6)
  2 swamp drake zombies (Swamp:4)
  15 gnolls
  13 adders
  4 shadow imps
  7 ufetubi (D:12)
  4 oozes
  3 adder zombies
  2 adder skeletons
  2 worms
  A dart slug (D:1)
  3 leopard geckos
  89 orcs
  7 ball pythons
  11 bats
  6 giant cockroaches
  8 goblins
  5 hobgoblins
  10 jackals
  4 frilled lizards
  A giant cockroach zombie (D:5)
  4 gnoll zombies (Ossuary)
  7 goblin zombies (Ossuary)
  5 hobgoblin zombies (Ossuary)
  4 jackal zombies (Ossuary)
  27 kobolds
  2 kobold zombies (Ossuary)
  A leopard gecko skeleton (D:5)
  2 leopard gecko zombies
  4 orc zombies (Ossuary)
  A quokka skeleton (D:4)
  6 rats
  3 pillars of salt (Vaults:2)
  A plant (Sewer)
1598 creatures vanquished.

Vanquished Creatures (others)
  Nessos (D:14)
  A naga sharpshooter (Snake:2)
  An ironbrand convoker (Desolation)
  A salamander (Snake:3)
  A black mamba (Snake:4)
  A saltling (Desolation)
  An acid dragon (D:14)
  3 centaurs
  An ogre (D:10)
  A wyvern zombie (D:14)
  An electric eel (D:14)
  An orc (Orc:2)
  7 fungi
  6 pillars of salt (Vaults:2)
  6 plants
  A withered plant (D:15)
34 creatures vanquished.

Grand Total: 1632 creatures vanquished

Notes
Turn   | Place    | Note
-------+----------+-------------------------------------------
     0 | D:1      | Kisielow the Minotaur Fighter began the quest for the Orb.
     0 | D:1      | Reached XP level 1. HP: 19/19 MP: 0/0
    46 | D:1      | Reached skill level 3 in Maces & Flails
    88 | D:1      | Reached XP level 2. HP: 23/26 MP: 1/1
   192 | D:1      | Reached skill level 4 in Maces & Flails
   371 | D:1      | Reached XP level 3. HP: 28/31 MP: 2/2
   818 | D:2      | Found a faded altar of an unknown god.
   849 | D:2      | Reached skill level 5 in Maces & Flails
   849 | D:2      | Reached XP level 4. HP: 24/39 MP: 3/3
  1591 | D:3      | Reached XP level 5. HP: 46/46 MP: 4/4
  1969 | D:3      | Found a sparkling altar of Nemelex Xobeh.
  2001 | D:3      | Reached skill level 6 in Maces & Flails
  2199 | D:3      | Noticed Jessica
  2203 | D:3      | Killed Jessica
  2432 | D:4      | Noticed a phantom
  2456 | D:4      | Killed a phantom
  2456 | D:4      | Reached XP level 6. HP: 48/53 MP: 5/5
  2794 | D:4      | Found a sand-covered staircase.
  2800 | Ossuary  | Entered an ossuary
  2872 | Ossuary  | Reached skill level 7 in Maces & Flails
  2878 | Ossuary  | Reached XP level 7. HP: 49/60 MP: 4/6
  2901 | Ossuary  | Reached skill level 5 in Fighting
  2988 | Ossuary  | Reached skill level 5 in Armour
  3007 | Ossuary  | Reached skill level 5 in Shields
  3746 | D:4      | Reached skill level 8 in Maces & Flails
  4001 | D:5      | Entered Level 5 of the Dungeon
  4063 | D:5      | Reached XP level 8. HP: 32/70 MP: 3/7
  4512 | D:5      | Reached skill level 9 in Maces & Flails
  4765 | D:5      | Noticed Edmund
  4771 | D:5      | Killed Edmund
  4949 | D:6      | Found a glowing drain.
  4978 | Sewer    | Entered a sewer
  5461 | D:6      | Reached skill level 10 in Maces & Flails
  5461 | D:6      | Reached XP level 9. HP: 78/78 MP: 8/8
  5627 | D:6      | Found Ucykan's Assorted Antiques.
  5776 | D:6      | Found a staircase to the Ecumenical Temple.
  5787 | Temple   | Entered the Ecumenical Temple
  6072 | Temple   | Became a worshipper of Warmaster Okawaru
  6409 | D:7      | Reached skill level 1 in Invocations
  6409 | D:7      | Reached skill level 1 in Evocations
  7112 | D:7      | Noticed a troll
  7120 | D:7      | Killed a troll
  7433 | D:8      | Reached * piety under Okawaru
  7746 | D:8      | Noticed Psyche
  7755 | D:8      | Killed Psyche
  8027 | D:8      | Reached XP level 10. HP: 81/88 MP: 12/12
  8334 | D:9      | Reached ** piety under Okawaru
  8361 | D:9      | Noticed a two-headed ogre
  8366 | D:9      | Killed a two-headed ogre
  8366 | D:9      | Reached skill level 5 in Invocations
  8759 | D:9      | Noticed a two-headed ogre
  8767 | D:9      | Killed a two-headed ogre
  8767 | D:9      | Reached *** piety under Okawaru
  8767 | D:9      | Reached skill level 5 in Evocations
  9029 | D:10     | Entered Level 10 of the Dungeon
  9063 | D:10     | Noticed Erolcha
  9068 | D:9      | Paralysed by a hornet for 3 turns
  9374 | D:10     | Paralysed by Erolcha for 3 turns
  9381 | D:10     | Noticed a two-headed ogre
  9382 | D:10     | Killed Erolcha
  9382 | D:10     | Reached **** piety under Okawaru
  9382 | D:10     | Reached XP level 11. HP: 86/97 MP: 12/14
  9389 | D:10     | Killed a two-headed ogre
 10623 | D:11     | Found a staircase to the Lair.
 10627 | D:11     | Reached ***** piety under Okawaru
 10933 | D:11     | Noticed a purple ugly thing
 10942 | D:11     | Killed a purple ugly thing
 11336 | Lair:1   | Entered Level 1 of the Lair of Beasts
 11376 | Lair:1   | Reached skill level 10 in Armour
 11383 | Lair:1   | Reached skill level 10 in Shields
 11387 | Lair:1   | Reached skill level 10 in Fighting
 11737 | Lair:1   | Received a gift from Okawaru
 12860 | Lair:2   | Reached skill level 11 in Maces & Flails
 12888 | Lair:2   | Noticed a five-headed hydra
 12900 | Lair:2   | Killed a five-headed hydra
 12900 | Lair:2   | Reached XP level 12. HP: 43/107 MP: 7/16
 13169 | Lair:2   | Found a staircase to the Snake Pit.
 13332 | Lair:2   | Noticed a seven-headed hydra
 13346 | Lair:2   | Killed a seven-headed hydra
 13632 | Lair:2   | Received a gift from Okawaru
 13966 | Lair:2   | Reached skill level 12 in Maces & Flails
 14783 | Lair:3   | Noticed Sonja
 14791 | Lair:3   | Killed Sonja
 14923 | Lair:3   | Found a staircase to the Swamp.
 15714 | Lair:3   | Upgraded the game from 0.23-b1-75-g379dba2534 to
                  | 0.23-b1-86-gba62f8e092
 15810 | Lair:4   | Received a gift from Okawaru
 15815 | Lair:4   | Got a distressingly furry crystal plate armour {god gift}
 15826 | Lair:4   | Identified the +8 crystal plate armour "Cecic" {rPois
                  | rCorr} (Okawaru gifted it to you on level 4 of the Lair of
                  | Beasts)
 15886 | Lair:4   | Reached skill level 13 in Maces & Flails
 16600 | Lair:5   | Reached XP level 13. HP: 116/116 MP: 17/17
 17321 | Lair:6   | Entered Level 6 of the Lair of Beasts
 17846 | Lair:6   | Reached skill level 14 in Maces & Flails
 17878 | Lair:6   | Received a gift from Okawaru
 18136 | Lair:6   | Found a runed translucent door.
 18136 | Lair:6   | Found a viscous altar of Jiyva.
 18136 | Lair:6   | Found a staircase to the Slime Pits.
 18456 | Lair:6   | Received a gift from Okawaru
 18631 | Lair:6   | Noticed a dire elephant
 18654 | Lair:6   | Killed a dire elephant
 18844 | Lair:6   | Identified the Grimoire of Confrontation
 19275 | D:12     | Reached skill level 15 in Maces & Flails
 19594 | D:12     | Noticed Kirke
 19613 | D:12     | Noticed a sphinx
 19613 | D:12     | Reached XP level 14. HP: 120/127 MP: 18/18
 19624 | D:12     | Killed Kirke
 19634 | D:12     | Received a gift from Okawaru
 19834 | D:12     | Found a staircase to the Orcish Mines.
 20048 | D:12     | Found Iceu's Distillery.
 20521 | D:12     | Identified a scroll of acquirement
 20572 | Orc:1    | Entered Level 1 of the Orcish Mines
 20646 | Orc:1    | Found a roughly hewn altar of Beogh.
 21025 | Orc:2    | Entered Level 2 of the Orcish Mines
 21102 | Orc:2    | Noticed a stone giant
 21112 | Orc:2    | Killed a stone giant
 21170 | Orc:2    | Reached ****** piety under Okawaru
 21183 | Orc:2    | Found a staircase to the Elven Halls.
 21334 | Orc:2    | Found Qenniho's Distillery.
 21337 | Orc:2    | Found Lyffyuno's Magic Scroll Shoppe.
 21436 | Orc:2    | Reached skill level 16 in Maces & Flails
 21493 | Orc:2    | HP: 5/129 [orc high priest/divine providence (9)]
 21596 | Orc:2    | Noticed Josephine
 21610 | Orc:2    | Killed Josephine
 21610 | Orc:2    | Received a gift from Okawaru
 21621 | Orc:2    | Got a fine large shield {god gift}
 21981 | Orc:2    | Identified the +1 large shield "Voroi" {Stlth+} (Okawaru
                  | gifted it to you on level 2 of the Orcish Mines)
 22126 | Orc:2    | Noticed an orc warlord
 22187 | Orc:2    | Killed an orc warlord
 22790 | Orc:2    | Bought a scroll of identify for 22 gold pieces
 22790 | Orc:2    | Bought a scroll of identify for 22 gold pieces
 22790 | Orc:2    | Bought a scroll of identify for 22 gold pieces
 23217 | Orc:2    | Reached XP level 15. HP: 137/137 MP: 19/19
 23406 | Orc:2    | Found Xajygg's Antique Armour Shop.
 23406 | Orc:2    | Found Lanisef's Book Boutique.
 23406 | Orc:2    | Found a one-way gate leading to the halls of Pandemonium.
 23789 | D:13     | Reached skill level 17 in Maces & Flails
 24663 | D:14     | You fall through a shaft!
 24663 | D:15     | Entered Level 15 of the Dungeon
 24756 | D:15     | Received a gift from Okawaru
 24890 | D:15     | Found a frozen archway.
 25051 | IceCv    | Entered an ice cave
 25360 | IceCv    | Got a pitted copper ring
 26165 | D:15     | Found a staircase to the Depths.
 26431 | D:15     | Noticed Azrael
 26455 | D:15     | Killed Azrael
 26455 | D:15     | Reached skill level 18 in Maces & Flails
 26482 | D:15     | Found Ecsihaat's Antique Weapon Shoppe.
 26711 | D:15     | Found a deep blue altar of Sif Muna.
 26882 | D:14     | Found a gate to the Vaults.
 26882 | D:14     | Noticed Nessos
 26882 | D:14     | Noticed Urug
 26882 | D:14     | Noticed Rupert
 26918 | D:15     | Killed Rupert
 26918 | D:15     | Received a gift from Okawaru
 26942 | D:15     | Got a pair of ichor-stained gloves {god gift}
 26953 | D:15     | Identified the +0 pair of gloves of the Big Bang {rElec}
                  | (Okawaru gifted it to you on level 15 of the Dungeon)
 26955 | D:15     | Identified the ring "Gienum" {rElec rPois rN+ Str-3 Int+6}
                  | (You found it in an ice cave)
 27000 | D:14     | Killed Nessos
 27016 | D:14     | Killed Urug
 27279 | D:14     | Reached skill level 15 in Shields
 27495 | D:14     | Reached skill level 15 in Fighting
 27495 | D:14     | Reached XP level 16. HP: 149/149 MP: 20/20
 28311 | Swamp:1  | Entered Level 1 of the Swamp
 28320 | Swamp:1  | Reached skill level 15 in Armour
 29019 | Swamp:2  | Noticed a thorn hunter
 29045 | Swamp:2  | Noticed a tentacled monstrosity
 29049 | Swamp:2  | Killed a thorn hunter
 29100 | Swamp:2  | Received a gift from Okawaru
 29101 | Swamp:2  | Got a distressingly furry chain mail {god gift}
 29107 | Swamp:2  | Reached skill level 19 in Maces & Flails
 29113 | Swamp:2  | Killed a tentacled monstrosity
 29951 | Swamp:3  | Identified the +0 chain mail of Winter {+Inv rElec Int+4
                  | Dex-5} (Okawaru gifted it to you on level 2 of the Swamp)
 29966 | Swamp:3  | Noticed a thorn hunter
 29979 | Swamp:3  | Killed a thorn hunter
 30438 | Swamp:3  | Found a snail-covered altar of Cheibriados.
 30925 | Swamp:4  | Entered Level 4 of the Swamp
 32210 | Swamp:4  | Noticed a bone dragon
 32248 | Swamp:4  | Killed a bone dragon
 32498 | Swamp:4  | Got a decaying rune of Zot
 32914 | Lair:1   | Upgraded the game from 0.23-b1-86-gba62f8e092 to 0.23.0
 32982 | Snake:1  | Entered Level 1 of the Snake Pit
 33138 | Snake:1  | Received a gift from Okawaru
 33141 | Snake:1  | Got a fine demon whip {god gift}
 33143 | Snake:1  | Identified the +4 demon whip "Sotoso" {slash, rPois Int+7}
                  | (Okawaru gifted it to you on level 1 of the Snake Pit)
 33387 | Snake:1  | Noticed Frances
 33424 | Snake:1  | Killed Frances
 33424 | Snake:1  | Reached XP level 17. HP: 114/158 MP: 13/21
 33570 | Snake:1  | Identified Roxanne's Almanac of Transmigration
 33570 | Snake:1  | Noticed Roxanne
 33593 | Snake:1  | Killed Roxanne
 33593 | Snake:1  | Reached skill level 20 in Maces & Flails
 34012 | Snake:1  | Found a shimmering altar of Xom.
 34347 | Snake:1  | Received a gift from Okawaru
 35286 | Snake:3  | Found Agawuedgh's Assorted Antiques.
 35418 | Snake:3  | Found Sisosico's Food Shop.
 35419 | Snake:3  | Found Ycwaar's Jewellery Shop.
 35432 | Snake:3  | Received a gift from Okawaru
 35453 | Snake:3  | Got a brightly glowing large shield {god gift}
 35464 | Snake:3  | Identified the +0 large shield of Satisfaction {MR+}
                  | (Okawaru gifted it to you on level 3 of the Snake Pit)
 35480 | Snake:3  | Bought the amulet of Tucoqia {Spirit rF+ rN+ Int+4 Slay+2
                  | SInv} for 1314 gold pieces
 35514 | Snake:3  | Found Olues's General Store.
 35736 | Snake:3  | Noticed Nikola
 35764 | Snake:3  | Killed Nikola
 35934 | Snake:3  | Found Ynielui's General Store.
 36103 | Snake:4  | Entered Level 4 of the Snake Pit
 36125 | Snake:3  | Reached skill level 21 in Maces & Flails
 36297 | Snake:4  | Found a runed translucent gate.
 36297 | Snake:4  | Found a runed translucent gate.
 36297 | Snake:4  | Found a runed translucent gate.
 36581 | Snake:4  | Found Sofyodefu's Book Boutique.
 36893 | Snake:4  | Reached XP level 18. HP: 141/168 MP: 14/22
 36936 | Snake:4  | Received a gift from Okawaru
 37732 | Snake:4  | Received a gift from Okawaru
 37832 | Snake:4  | Got a serpentine rune of Zot
 38238 | Snake:4  | Reached skill level 22 in Maces & Flails
 38567 | Vaults:1 | Entered Level 1 of the Vaults
 38647 | Vaults:1 | Found Dyga's Gadget Boutique.
 38717 | Vaults:1 | Noticed a tentacled monstrosity
 38759 | Vaults:1 | Killed a tentacled monstrosity
 39491 | Vaults:1 | Received a gift from Okawaru
 39491 | Vaults:1 | Reached XP level 19. HP: 156/179 MP: 19/23
 39500 | Vaults:1 | Got an ancient great mace {god gift}
 40609 | Vaults:1 | Received a gift from Okawaru
 41142 | Vaults:2 | Found a ruined gateway.
 41161 | Vaults:2 | Reached skill level 23 in Maces & Flails
 41264 | Desolati | Entered the Desolation of Salt
 41447 | Desolati | Got a heavily runed plate armour
 41461 | Desolati | Identified the +2 plate armour of Insatiable Hunger
                  | {Stlth+} (You found it in the Desolation of Salt)
 41462 | Desolati | Identified the +5 great mace "Jiuron Hogy" {flame, rF+ MP+9
                  | Dex+3} (Okawaru gifted it to you on level 1 of the Vaults)
 42205 | Desolati | Identified the +10 great sword of Okawaru's Whim {protect,
                  | rF+}
 42285 | Desolati | Got a translucent ring mail
 42296 | Desolati | Identified the Volume of Unstable Ice
 42312 | Desolati | Got a brightly glowing arbalest
 42735 | Vaults:2 | Identified the +7 ring mail "Sail" {MR+ rCorr Dex+6} (You
                  | found it in the Desolation of Salt)
 42736 | Vaults:2 | Identified the +5 arbalest of Yeast {speed, +Fly Str+6
                  | Stlth-} (You found it in the Desolation of Salt)
 43415 | Vaults:2 | Found a staircase to the Crypt.
 43429 | Vaults:2 | Received a gift from Okawaru
 43434 | Vaults:2 | Got a heavily runed plate armour {god gift}
 43449 | Vaults:2 | Identified the +1 plate armour of the Princess {rElec
                  | Str+4} (Okawaru gifted it to you on level 2 of the Vaults)
 44321 | Vaults:3 | Reached XP level 20. HP: 187/189 MP: 24/24
 44366 | Vaults:3 | Noticed Asterion
 44369 | Vaults:3 | Noticed Agnes
 44382 | Vaults:3 | Killed Agnes
 44389 | Vaults:3 | Killed Asterion
 44412 | Vaults:3 | Noticed Sojobo
 44884 | Vaults:3 | Killed Sojobo
 44899 | Vaults:3 | Received a gift from Okawaru
 44925 | Vaults:3 | Reached skill level 24 in Maces & Flails
 46581 | Vaults:4 | Got a pitted whip
 46609 | Vaults:4 | Identified the +6 whip of the Valley of Death {freeze,
                  | rPois rN+} (You found it on level 4 of the Vaults)
 47044 | Vaults:4 | Received a gift from Okawaru
 47350 | Vaults:4 | Reached XP level 21. HP: 199/199 MP: 25/25
 47350 | Vaults:4 | Identified the +5 glaive of Ibatide {freeze, rPois Int-2
                  | Dex+4 Stlth+}
 47707 | Vaults:5 | Entered Level 5 of the Vaults
 47707 | Vaults:5 | Noticed an ancient lich
 47775 | Vaults:4 | Reached skill level 25 in Maces & Flails
 48057 | Vaults:5 | Killed an ancient lich
 48106 | Vaults:4 | Annihilated by a white very ugly thing

Skill      XL: |  1  2  3  4  5  6  7  8  9 10 11 12 13 14 15 16 17 18 19 20 21 |
---------------+----------------------------------------------------------------+-----
Maces & Flails | 3 4 5 6 7 8 10 11 13 15 16 18 19 21 22 23 24 25 | 25.3
Fighting       | 4 5 6 7 9 10 11 12 13 15 16 17 18 19 | 19.9
Armour         | 4 5 6 7 8 10 11 12 13 14 16 17 18 19 | 19.9
Shields        | 4 5 6 7 9 10 11 12 13 15 16 17 18 19 | 19.9
Invocations    | 4 6 7 |  7.0
Evocations     | 3 5 7 |  7.0

Action                   |  1- 3 |  4- 6 |  7- 9 | 10-12 | 13-15 | 16-18 | 19-21 || total
-------------------------+-------+-------+-------+-------+-------+-------+-------++-------
Melee: Flail             |    74 |   205 |   426 |   575 |   437 |       |       ||  1717
       Headbutt          |    11 |    24 |    72 |   131 |   377 |   506 |   528 ||  1649
       Demon whip        |       |       |       |       |  1161 |  1957 |  1677 ||  4795
Invok: Heroism           |       |       |       |     5 |    10 |    11 |     4 ||    30
       Finesse           |       |       |       |     2 |    10 |     9 |     3 ||    24
Evoke: Wand              |       |       |       |     1 |    10 |     7 |       ||    18
  Use: Scroll            |       |     7 |     5 |    11 |    18 |    18 |    12 ||    71
       Potion            |       |       |     1 |     3 |    10 |    18 |    16 ||    48
 Stab: Paralysed         |       |       |       |     1 |       |       |       ||     1
       Petrified         |       |       |       |       |     2 |       |       ||     2
       Distracted        |       |       |       |       |     1 |       |       ||     1
       Confused          |       |       |       |       |       |     2 |       ||     2
  Eat: Chunk             |       |     6 |    13 |    19 |    25 |    23 |    24 ||   110
       Ration            |       |       |     2 |     3 |     3 |     5 |     1 ||    14
Armor: Scale mail        |    44 |    99 |    90 |       |       |       |       ||   233
       Chain mail        |       |       |    30 |   156 |       |       |       ||   186
       Crystal plate arm |       |       |       |    18 |   546 |   605 |   556 ||  1725
Dodge: Dodged            |    20 |    69 |    92 |    95 |   108 |   181 |   152 ||   717
       Deflected         |       |       |       |       |     5 |    33 |    12 ||    50
Block: Shield            |    37 |   130 |   216 |   455 |   485 |       |       ||  1323
       Reflection        |       |       |     8 |    12 |    48 |    82 |       ||   150
       Large shield      |       |       |       |       |   676 |  1858 |  1389 ||  3923
